Map: Para Site LE

Players

Sketchaphone - Winner!

  • Race: Zerg Zerg
  • League: Gold
  • Spawn Location: 11:00

jhonleva

  • Race: Protoss Protoss
  • League: Gold
  • Spawn Location: 5:00

VOD

Have the link to the VOD?

Description

Time

  • Played on: Nov. 10, 2018, 1:47 p.m.
  • Length: 15:56
Show
View Real Time Build Order
Export as new Build Order

Sketchaphone Zerg - Winner!

Build Orders: Hatch First, Roach Hydra 

Get SALT Encoding   

  12  0:01  Drone  
  13  0:13  Overlord  
  13  0:20  Drone  
  14  0:31  Drone x2  
  16  0:39  Drone  
  17  0:55  Hatchery  
  16  1:11  Spawning Pool  
  15  1:26  Drone  
  15  1:27  Drone  
  15  1:28  Overlord  
  17  1:38  Drone, Extractor  
  17  1:58  Queen  
  17  2:00  Drone x2  
  21  2:07  Overlord  
  21  2:08  Queen  
  21  2:10  Drone  
  24  2:18  Drone  
  25  2:24  Drone  
  25  2:28  Drone  
  27  2:35  Drone  
  28  2:39  Drone  
  29  2:47  Drone  
  29  2:48  Queen  
  31  3:00  Drone x2  
  31  3:03  Hatchery  
  31  3:04  Drone  
  33  3:12  Drone x3  
  36  3:17  Overlord  
  36  3:36  Overlord  
  36  3:39  Zergling x2  
  36  3:41  Roach Warren  
  36  3:43  Drone x2  
  36  3:44  Drone x4  
  36  3:45  Drone  
  43  3:49  Overlord  
  43  3:54  Metabolic Boost  
  43  3:58  Drone  
  44  4:04  Queen  
  44  4:06  Zergling x2  
  44  4:07  Overlord  
  44  4:08  Drone x2  
  49  4:30  Queen  
  51  4:32  Roach x4  
  51  4:34  Drone x2  
  51  4:37  Extractor  
  60  4:39  Drone, Extractor  
  60  4:44  Hatchery  
  59  4:46  Evolution Chamber  
  59  4:47  Evolution Chamber  
  57  5:05  Lair, Zergling x6  
  60  5:14  Overlord  
  60  5:23  Overlord  
  60  5:27  Zerg Ground Armor Level 1  
  60  5:31  Roach  
  60  5:32  Roach  
  60  5:33  Overlord, Zergling x2  
  65  5:35  Extractor  
  64  5:53  Overlord  
  64  5:54  Overlord x2, Zergling x4  
  66  5:59  Zerg Missile Weapons Level 1  
  66  6:00  Roach x5  
  76  6:13  Drone, Extractor  
  76  6:14  Drone x2  
  78  6:19  Queen  
  78  6:20  Overlord  
  78  6:21  Roach x4  
  75  6:48  Roach  
  75  6:49  Roach x6, Hydralisk Den  
  88  7:10  Roach  
  90  7:16  Overlord  
  90  7:17  Roach  
  90  7:18  Roach x2  
  90  7:20  Glial Reconstitution  
  96  7:23  Muscular Augments, Hydralisk  
  98  7:33  Drone x2  
  98  7:35  Drone x2  
  102  7:50  Overlord  
  104  7:51  Roach x2  
  104  7:52  Drone x3  
  104  7:57  Pneumatized Carapace  
  108  8:00  Drone  
  108  8:01  Drone  
  108  8:03  Drone  
  111  8:23  Hydralisk x4  
  118  8:31  Hydralisk x3  
  118  8:33  Drone  
  126  8:41  Drone x2  
  127  8:48  Overlord  
  127  8:51  Overlord x2  
  127  8:54  Zerg Missile Weapons Level 2, Grooved Spines  
  124  9:11  Hydralisk x6  
  134  9:23  Hydralisk x2  
  134  9:24  Hydralisk x2  
  118  9:50  Zergling x16  
  118  9:51  Zergling x12  
  116  10:02  Hydralisk x2  
  116  10:03  Hydralisk  
  122  10:16  Drone  
  122  10:17  Overlord x2, Drone  
  122  10:18  Hydralisk  
  122  10:19  Hydralisk  
  128  10:25  Burrow  
  128  10:28  Zerg Ground Armor Level 2  
  128  10:34  Overlord  
  128  10:35  Overlord  
  128  10:39  Overseer  
  128  11:05  Overlord  
  128  11:08  Hatchery  
  123  11:30  Spire  
  123  11:32  Infestation Pit  
  117  11:49  Zergling x2  
  117  11:52  Roach x14  
  117  11:53  Roach x11  
  161  12:07  Hydralisk x5  
  168  12:38  Tunneling Claws  
  168  12:41  Hive  
  168  12:42  Corruptor x3  
  174  12:46  Overlord  
  174  12:47  Overlord x3  
  174  12:56  Overlord x2  
  174  13:04  Queen  
  176  13:32  Drone x5  
  176  13:33  Overlord  
  181  13:55  Overlord  
  181  13:56  Corruptor x3  
  181  13:59  Corruptor x3  
  181  14:00  Roach x2  
  181  14:01  Roach  
  199  14:09  Hydralisk x4  
  189  14:14  Roach x10  
  155  14:28  Hydralisk x4  
  155  14:33  Roach x6, Zergling x18  
  155  14:34  Zergling x30  
  157  14:57  Hydralisk x3  
  157  14:59  Hydralisk  
  151  15:00  Hydralisk x9  
  151  15:02  Roach x4  
Show
View Real Time Build Order
Export as new Build Order

jhonleva Protoss 

Build Orders: 1 Gate Expand 

Get SALT Encoding   

  1  0:00  Probe  
  12  0:05  Probe  
  14  0:20  Pylon  
  14  0:22  Probe  
  15  0:38  Gateway  
  15  0:43  Assimilator  
  15  0:57  Probe  
  16  1:10  Probe  
  17  1:19  Nexus  
  17  1:31  Cybernetics Core  
  17  1:39  Probe  
  18  1:43  Assimilator  
  18  1:51  Probe  
  19  2:03  Probe  
  19  2:06  Pylon  
  19  2:07  Stalker  
  22  2:18  Probe  
  23  2:23  Warp Gate  
  23  2:30  Probe  
  23  2:33  Stalker, Probe  
  25  2:42  Probe  
  28  2:45  Probe  
  29  2:54  Probe  
  30  3:05  Probe  
  31  3:06  Probe  
  31  3:12  Pylon  
  32  3:17  Probe  
  32  3:18  Probe  
  32  3:19  Robotics Facility  
  34  3:29  Probe  
  34  3:30  Stalker, Probe  
  38  3:40  Gateway  
  38  3:45  Probe  
  38  3:46  Probe  
  40  3:57  Gateway  
  40  3:58  Twilight Council, Probe x2  
  42  4:06  Observer  
  43  4:12  Zealot  
  45  4:20  Pylon  
  45  4:37  Probe x2  
  47  4:39  Assimilator  
  47  4:40  Charge  
  47  4:43  Assimilator  
  47  4:44  Immortal  
  51  4:46  Stalker  
  51  4:47  Stalker  
  51  4:49  Probe x2  
  57  5:01  Probe x2  
  57  5:04  Gateway  
  59  5:07  Gateway  
  59  5:12  Zealot  
  59  5:13  Probe  
  62  5:18  Gateway  
  62  5:30  Pylon  
  62  5:46  Pylon  
  62  5:49  Pylon  
  62  5:59  Pylon  
  62  6:04  Probe  
  62  6:05  Pylon, Probe, Immortal  
  62  6:06  Stalker  
  62  6:08  Zealot x2  
  62  6:09  Zealot x2  
  78  6:17  Probe x2  
  80  6:20  Blink  
  80  6:29  Probe x2  
  82  6:40  Zealot x5  
  82  6:41  Probe  
  93  6:49  Robotics Bay  
  93  7:04  Pylon  
  93  7:07  Pylon  
  93  7:10  Pylon  
  93  7:11  Warp Prism  
  93  7:13  Nexus  
  93  7:19  Pylon  
  93  7:21  Pylon  
  95  7:22  Stalker  
  95  7:23  Stalker x2  
  101  7:33  Pylon  
  101  7:39  Sentry x2  
  101  7:40  Sentry  
  99  8:32  Zealot x6  
  111  8:50  Colossus  
  111  8:54  Robotics Facility  
  117  8:59  Extended Thermal Lance  
  117  9:04  Robotics Facility  
  105  9:33  Stalker x4  
  105  9:34  Stalker x2  
  71  10:05  Immortal x3  
  83  10:07  Stalker x2  
  83  10:08  Stalker x3  
  83  10:13  Assimilator  
  93  10:16  Assimilator  
  93  10:32  Nexus  
  93  10:37  Stalker  
  93  10:38  Stalker x2  
  93  10:39  Zealot x3  
  105  10:43  Colossus  
  105  10:48  Forge x2  
  111  11:12  Pylon  
  111  11:15  Pylon  
  98  12:04  Protoss Ground Armor Level 1  
  98  12:05  Protoss Ground Weapons Level 1  
  98  12:07  Immortal  
  98  12:08  Probe  
  100  12:09  Probe  
  102  12:16  Stalker, Probe  
  102  12:17  Stalker x2, Zealot x3  
  102  12:19  Immortal  
  102  12:20  Immortal  
  102  12:21  Probe  
  122  12:26  Probe  
  123  12:34  Probe  
  124  12:38  Pylon, Probe  
  124  12:43  Assimilator  
  125  12:46  Probe x2, Immortal  
  125  12:50  Probe  
  132  12:54  Probe  
  132  12:58  Colossus, Probe  
  134  13:02  Probe  
  134  13:03  Pylon, Probe  
  134  13:04  Colossus  
  147  13:08  Stalker x2  
  147  13:11  Probe  
  152  13:15  Probe  
  152  13:19  Probe  
  154  13:25  Immortal  
  159  13:28  Probe, Templar Archives  
  160  13:40  Probe, Gateway  
  161  13:42  Gateway  
  161  13:44  Gateway  
  161  13:46  Gateway  
  161  13:47  Pylon  
  161  13:52  Probe  
  161  13:53  Protoss Shields Level 1  
  162  14:06  Stalker  
  162  14:07  Stalker, Zealot x2  
  162  14:08  Zealot  
  164  14:14  Observer  
  116  14:25  Stalker  
  110  14:41  Stalker x2  
  110  14:42  Zealot x3  
  106  14:58  Stalker  
  83  15:08  Stalker, Zealot x3  
  83  15:09  Zealot  
  87  15:32  Stalker x2  
  85  15:47  Stalker  
  85  15:48  Stalker  
Tags
 
Composition
Roach Hydra
League
GoldGold
Matchup
PvZ
Replay Pack
init
Spawn Locations
Cross Positions
Add a new tag
Caveats
  • Supply blocks, unpowered buildings, or Contaminate may cause inaccurate times.
  • Supply counts are checked every 10 seconds.